 Dungeon Crawl Stone Soup version 0.20.1-1-g8b1a95d66d (webtiles) character file.

539096 Ivernyr the Slayer (level 25, 0/292 HPs)
             Began as an Ogre Wizard on Nov 21, 2017.
             Was a High Priest of Sif Muna.
             Slain by a deep troll (7 damage)
             ... on level 1 of the Depths on Nov 26, 2017.
             The game lasted 13:20:01 (124955 turns).

Ivernyr the Slayer (Ogre Wizard)                  Turns: 124955, Time: 13:20:02

Health: 0/292      AC: 22    Str: 21    XL:     25   Next: 92%
Magic:  24/51      EV: 10    Int: 38    God:    Sif Muna [*****.]
Gold:   4055       SH:  0    Dex: 13    Spells: 11/72 levels left

rFire    + + +     SeeInvis +   h - +3 trident "Realuecle" {protect, rC+ Str+2}
rCold    . . .     Gourm    .   X - +2 shield
rNeg     + + .     Faith    .   b - +6 acid dragon scales
rPois    +         Spirit   .   V - +2 hat {MR+}
rElec    +         Reflect  .   H - +2 cloak of Joy {rC- Str+6 Int+4 SInv}
rCorr    +         Harm     +   (gloves unavailable)
MR       ++++.                  (boots unavailable)
Stlth    +.........             c - amulet of Ziqeath {Harm *Drain Str-5 Int+7 Dex+3 SInv}
Regen    0.6/turn               Z - ring of Nihilism {*Drain rF+++ rN++ Dex+3}
MPRegen  0.4/turn               A - ring of Adag {rElec rPois SInv}

@: confused, divine energy
A: unfitting armour, deterioration 2, magic resistance 1, electricity
resistance, tough skin 1
}: 3/15 runes: decaying, serpentine, silver
a: Stop Divine Energy, Channel Magic, Forget Spell, Renounce Religion


You were on level 1 of the Depths.
You worshipped Sif Muna.
Sif Muna was extremely pleased with you.
You were not hungry.

You visited 9 branches of the dungeon, and saw 40 of its levels.
You visited 1 bazaar.
You also visited: Bailey and Desolation.

You collected 6505 gold pieces.
You spent 2450 gold pieces at shops.

Inventory:

Hand Weapons
 h - the +3 trident "Realuecle" (weapon) {protect, rC+ Str+2}
   (You bought it in a shop on level 8 of the Dungeon)

   It protects the one who uses it against injury (+AC on strike).
   It affects your strength (+2).
   It protects you from cold.
Missiles
 i - 83 large rocks (quivered)
Armour
 b - +6 acid dragon scales (worn)
 q - +0 gold dragon scales
 H - the +2 cloak of Joy (worn) {rC- Str+6 Int+4 SInv}
   (You found it on level 7 of the Dungeon)

   It affects your strength (+6).
   It affects your intelligence (+4).
   It makes you vulnerable to cold.
   It lets you see invisible.
 V - a +2 hat of magic resistance (worn)
 X - a +2 shield (worn)
Jewellery
 c - the amulet of Ziqeath (around neck) {Harm *Drain Str-5 Int+7 Dex+3 SInv}
   (You acquired it on level 2 of the Snake Pit)

   [amulet of harm]

   It increases damage dealt and taken.
   It affects your strength (-5).
   It affects your intelligence (+7).
   It affects your dexterity (+3).
   It lets you see invisible.
   It causes draining when unequipped.
 l - the ring "Loittenk" {Wiz Str+6}
   (You took it off a deep elf demonologist on level 5 of the Vaults)

   [ring of wizardry]

   It improves your spell success rate.
   It affects your strength (+6).
 A - the ring of Adag (right hand) {rElec rPois SInv}
   (You bought it in a shop in a bazaar)

   [ring of poison resistance]

   It insulates you from electricity.
   It protects you from poison.
   It lets you see invisible.
 Z - the ring of Nihilism (left hand) {*Drain rF+++ rN++ Dex+3}
   (You bought it in a shop on level 2 of the Orcish Mines)

   [ring of dexterity]

   It affects your dexterity (+3).
   It renders you almost immune to fire.
   It greatly protects you from negative energy.
   It causes draining when unequipped.
Scrolls
 e - 2 scrolls of torment
 f - 10 scrolls of recharging
 g - 6 scrolls of enchant weapon
 k - 23 scrolls of remove curse
 p - 7 scrolls of vulnerability
 t - 10 scrolls of amnesia
 u - 10 scrolls of teleportation
 y - 7 scrolls of fear
 z - 4 scrolls of identify
 E - 3 scrolls of enchant armour
 F - 2 scrolls of magic mapping
 G - 2 scrolls of holy word
 I - a scroll of brand weapon
 Q - 3 scrolls of summoning
 T - 5 scrolls of fog
 W - a scroll of silence
Potions
 a - 3 potions of ambrosia
 r - 5 potions of flight
 s - 6 potions of mutation
 v - 5 potions of curing
 x - 3 potions of invisibility
 J - 7 potions of cancellation
 L - a potion of resistance
 M - 5 potions of berserk rage
 N - 2 potions of brilliance
 P - 6 potions of agility
 R - 4 potions of might
 U - 6 potions of haste
 Y - 3 potions of magic
Books
 n - Sif Muna's Almanac of Hurtful Transmigration
   (Sif Muna gifted it to you on level 4 of the Snake Pit)

   Spells                             Type                      Level
   a - Fireball                       Conjuration/Fire             5
   b - Orb of Destruction             Conjuration                  7
   c - Lehudib's Crystal Spear        Conjuration/Earth            8
   d - Necromutation                  Transmutation/Necromancy     8
   e - Fire Storm                     Conjuration/Fire             9
 B - a book of the Warp

   Spells                             Type                      Level
   a - Gell's Gravitas                Translocation                3
   b - Portal Projectile              Hexes/Translocation          3
   c - Force Lance                    Conjuration/Translocation    4
   d - Dispersal                      Translocation                6
   e - Controlled Blink               Translocation                8
   f - Disjunction                    Translocation                8
 D - Sif Muna's Incunabulum of Supportive Confrontation
   (Sif Muna gifted it to you on level 2 of the Elven Halls)

   Spells                             Type                      Level
   a - Sting                          Conjuration/Poison           1
   b - Magic Dart                     Conjuration                  1
   c - Iskenderun's Battlesphere      Conjuration/Charms           5
   d - Venom Bolt                     Conjuration/Poison           5
   e - Spellforged Servitor           Conjuration/Summoning        7
   f - Chain Lightning                Conjuration/Air              8
   g - Dragon's Call                  Summoning                    9
 S - Sif Muna's Volume of the Mountains and Moulding
   (Sif Muna gifted it to you on level 4 of the Vaults)

   Spells                             Type                      Level
   a - Leda's Liquefaction            Hexes/Earth                  4
   b - Blade Hands                    Transmutation                5
   c - Statue Form                    Transmutation/Earth          6
   d - Shatter                        Earth                        9
Miscellaneous
 O - a crystal ball of energy
Comestibles
 d - 16 bread rations
 j - 7 fruits
 m - 15 meat rations
 w - 10 royal jellies


   Skills:
 + Level 24.6 Fighting
 - Level 15.4 Armour
 - Level 2.0 Dodging
 - Level 1.4 Stealth
 + Level 10.3 Shields
 * Level 24.2 Spellcasting
 - Level 10.0 Conjurations
   Level 0.8 Summonings
 - Level 0.8 Translocations
 + Level 18.8 Earth Magic
 - Level 10.0 Invocations


You had 11 spell levels left.
You knew the following spells:

 Your Spells              Type           Power        Failure   Level  Hunger
b - Blink                 Tloc           N/A          1%          2    None
c - Mephitic Cloud        Conj/Pois/Air  ######..     1%          3    None
e - Iskenderun's Mystic   Conj           #######.     1%          4    None
f - Force Lance           Conj/Tloc      ######..     1%          4    None
g - Irradiate             Conj/Tmut      ######....   1%          5    None
h - Iron Shot             Conj/Erth      ########..   1%          6    None
i - Swiftness             Chrm/Air       #####...     1%          2    None
j - Airstrike             Air            #####.....   5%          4    None
k - Lehudib's Crystal Sp  Conj/Erth      ########..   10%         8    None
l - Passwall              Tmut/Erth      #######...   1%          2    None
n - Lee's Rapid Deconstr  Erth           ########..   0%          5    None
o - Orb of Destruction    Conj           #######...   8%          7    None
p - Shatter               Erth           ########..   17%         9    ###....


Dungeon Overview and Level Annotations

Branches:
Dungeon (15/15)            Temple (1/1) D:5            Lair (6/6) D:9
  Swamp (4/4) Lair:2        Snake (4/4) Lair:2        Slime (0/5) Lair:5
    Orc (2/2) D:10            Elf (2/3) Orc:2        Vaults (5/5) D:13
  Crypt (0/3) Vaults:3     Depths (1/5) D:15

Altars:
Ashenzari
Cheibriados
Dithmenos
Elyvilon
Fedhas
Gozag
Hepliaklqana
Kikubaaqudgha
Makhleb
Nemelex Xobeh
Okawaru
Qazlal
Ru
Sif Muna
Trog
Uskayaw
Vehumet
Xom
Yredelemnul
Zin
The Shining One
Beogh
Jiyva

Shops:
D:5 [   D:6 (   D:7 =   D:8 *   D:13 :   D:14 ?   Orc:2 (=[   Elf:2 *
Vaults:2 (

Annotations:
D:8 exclusion: statue
Snake:4 exclusion: door
Vaults:1 exclusion: door


Innate Abilities, Weirdness & Mutations

You are too large for most types of armour.
You have tough skin. (AC +1)
Your body often deteriorates upon taking damage.
You are resistant to hostile enchantments. (MR+)
You are resistant to electric shocks. (rElec)


Message History

The deep troll shaman claws you!!
* * * LOW HITPOINT WARNING * * *
The deep troll shaman claws you but does no damage.
You block the deep troll shaman's attack.
The deep troll shaman claws you!!
* * * LOW HITPOINT WARNING * * *
The deep troll shaman barely misses you.
Okay, then.
You are confused.
You feel invigorated. The deep troll shaman bites you!
* * * LOW HITPOINT WARNING * * *
The deep troll shaman claws you but does no damage.
The deep troll shaman closely misses you.
The deep troll shaman bites you but does no damage.
The deep troll shaman claws you but does no damage.
The deep troll shaman claws you!
* * * LOW HITPOINT WARNING * * *
The deep troll bites you but does no damage.
The deep troll claws you.
You die...

.#.# #...###### ...
.#.###...#....# #..
..............# .J.
.......[......# ##.##
.....[........##### .J.
........([....#...# #.#
##.#######[...#"#.# #.#
##.#######..(.#T#.##########.####
...CyG......y.TT@................
##.#######....#T#..#.#...........
#.# #.....G...#.#.....(..... ##.#
#....#.##.#.#...)....... .C.#
###..#.##.###.....###### ####
#..#.##.###.##### #(.......##.#
#..#.##..##.# ##.#.#......#


You could see an iron troll, a great orb of eyes, a spark wasp, a deep troll and
2 deep troll shamans.

Vanquished Creatures
  An ancient lich (Vaults:5)
  The ghost of cada the Hoplite, a master FoFi of Okawaru (Vaults:5)
  Bai Suzhen (Swamp:4)
  3 golden dragons
  The ghost of MondaySad the Warrior, an adept MiBe of Trog (Vaults:3)
  The ghost of tensugalgo the Acrobat, an adept MfMo of Yredelemnul (Vaults:5)
  The ghost of stonage the Warrior, an adept DsFi of Gozag (Depths:1)
  3 liches
  5 tentacled monstrosities
  Jorgrun (Snake:4)
  5 quicksilver dragons
  3 titans
  A deep elf blademaster (Elf:2)
  Gastronok (Lair:1)
  5 sphinxes
  A sphinx (shapeshifter) (Vaults:1)
  2 thorn hunters (Swamp:3)
  6 shadow dragons
  3 storm dragons
  9 tengu reavers
  8 nagarajas (Snake:4)
  5 fire giants
  An iron dragon (Vaults:5)
  2 deep elf sorcerers
  A frost giant (Vaults:1)
  23 vault wardens
  A ghost moth (shapeshifter) (Vaults:1)
  Aizul (Swamp:2)
  5 orc warlords
  A ghoul (Vaults:3)
  6 war gargoyles
  31 ironheart preservers
  2 very ugly things
  10 stone giants
  2 entropy weavers
  Nessos (Orc:2)
  5 deep elf demonologists
  The ghost of Timinator the Unseen, a journeyman SpEn of Sif Muna (Elf:1)
  3 deep elf annihilators
  An eidolon (Vaults:3)
  4 spark wasps (Depths:1)
  7 ettins
  4 fire dragons
  4 deep elf death magi
  2 deep elf high priests (Elf:1)
  3 great orbs of eyes
  19 yaktaur captains
  A fire dragon (shapeshifter) (Vaults:4)
  17 ogre magi
  8 ice dragons
  5 catoblepae
  3 rakshasas
  19 naga warriors
  25 hydras
  42 vault guards
  3 ghost crabs (Swamp:3)
  2 peacekeepers (Elf:2)
  5 centaur warriors
  7 alligators
  20 anacondas
  2 death knights
  35 two-headed ogres
  A tengu warrior (D:14)
  15 naga sharpshooters
  25 death yaks
  4 deep troll earth magi
  33 dancing weapons
  6 deep troll shamans
  12 shock serpents
  4 orc high priests
  7 spriggans
  17 deep elf knights
  A storm dragon zombie (D:15)
  A hell knight (Depths:1)
  7 salamander mystics
  A skeletal warrior (D:14)
  3 shadow wraiths
  2 sea snakes (Snake:3)
  A death drake (shapeshifter) (Vaults:4)
  10 naga ritualists
  2 glowing orange brains (shapeshifter)
  29 deep trolls
  25 deep elf archers
  16 swamp dragons
  3 unseen horrors
  3 spriggan druids (Swamp:4)
  3 flayed ghosts
  2 shambling mangroves
  30 ironbrand convokers
  2 necromancers
  5 lindwurms
  6 wizards
  6 harpies
  The ghost of Sludgepup the Covert, a novice FeFi of Ru (Orc:1)
  9 mana vipers (Snake:4)
  A mana viper (shapeshifter) (Vaults:2)
  8 wolf spiders
  4 oklob plants (Lair:6)
  59 deep elf magi
  27 orc knights
  A frost giant zombie (Vaults:5)
  12 cyclopes
  5 manticores
  11 orc sorcerers
  31 ugly things
  10 salamanders
  53 black mambas
  5 elephants (Lair:6)
  24 naga magi
  2 salamanders (shapeshifter)
  8 guardian serpents
  A torpor snail (Lair:6)
  17 vault sentinels
  2 torpor snails (shapeshifter)
  26 spiny frogs
  A gargoyle (D:15)
  2 rime drakes (shapeshifter) (Vaults:3)
  A yaktaur zombie (D:15)
  4 centaur skeletons
  8 rime drakes
  70 yaktaurs
  A komodo dragon (shapeshifter) (D:15)
  24 komodo dragons
  2 kobold demonologists (D:12)
  A yaktaur (shapeshifter) (Vaults:3)
  16 freezing wraiths
  3 efreet
  A guardian mummy (D:14)
  13 trolls
  2 queen bees (shapeshifter)
  18 blink frogs
  A tengu simulacrum (Vaults:3)
  An ettin zombie (Vaults:5)
  A meliai zombie (D:14)
  A polar bear (shapeshifter) (Vaults:2)
  8 tyrant leeches
  A dream sheep (Lair:4)
  37 slime creatures
  19 hornets
  A slime creature (shapeshifter) (Vaults:1)
  8 bog bodies
  15 hippogriffs
  A fire dragon zombie (D:15)
  A deep troll zombie (D:15)
  A dream sheep (shapeshifter) (Vaults:3)
  6 redbacks
  An air elemental (Elf:2)
  4 shadows
  Eustachio (D:5)
  4 wyverns
  A vampire (D:14)
  A hog (shapeshifter) (Vaults:2)
  4 wraiths
  A wyvern (shapeshifter) (Vaults:1)
  47 yaks
  A hungry ghost (D:15)
  6 basilisks
  20 humans
  23 vampire mosquitoes
  Grum (D:9)
  An elf skeleton (Vaults:5)
  13 insubstantial wisps
  22 wargs
  A steam dragon (D:13)
  15 swamp worms
  5 acid dragons
  65 nagas
  12 water moccasins
  7 porcupines
  Duvessa (D:7)
  7 sky beasts
  5 ice beasts
  90 orc warriors
  20 swamp drakes
  A swamp drake (shapeshifter) (Vaults:4)
  An eye of draining (shapeshifter) (Vaults:2)
  5 black bears
  A necrophage (D:9)
  23 wolves
  56 ogres
  11 boggarts
  10 centaurs
  25 crocodiles
  2 big kobolds
  2 earth elementals (Elf:1)
  24 bullfrogs
  A human zombie (Vaults:5)
  4 scorpions
  Dowan (D:7)
  An elf simulacrum (Vaults:5)
  5 wights (D:13)
  2 electric eels
  6 howler monkeys
  10 crimson imps
  3 centaur zombies
  2 bullfrog zombies
  A quasit (D:7)
  7 hounds
  6 jellies
  A gnoll shaman (D:6)
  36 orc priests
  4 bullfrog skeletons
  51 orc wizards
  Terence (D:3)
  Natasha (thrice) (D:2)
  11 iguanas
  A hell rat (D:9)
  17 worker ants
  A hound zombie (D:4)
  A hound skeleton (D:7)
  A worker ant zombie (D:6)
  5 gnolls
  2 howler monkey skeletons
  11 adders
  3 river rats (D:9)
  3 shadow imps
  3 white imps (Lair:4)
  An ooze (D:4)
  5 adder skeletons
  An adder zombie (D:8)
  4 worms
  4 dart slugs
  7 leopard geckos
  179 orcs
  9 bats
  4 giant cockroaches
  15 goblins
  9 hobgoblins
  17 jackals
  5 quokkas
  2 ball pythons
  A ball python skeleton (D:4)
  2 frilled lizards
  A jackal skeleton (D:4)
  11 kobolds
  7 rats
  2 fungi (Elf:1)
2299 creatures vanquished.

Vanquished Creatures (others)
  An ogre mage (Vaults:4)
  A deep elf mage (Elf:1)
  3 blink frogs (Swamp:2)
  2 orcs (Elf:1)
  59 fungi
  34 plants
100 creatures vanquished.

Grand Total: 2399 creatures vanquished

Notes
Turn   | Place    | Note
-------+----------+-------------------------------------------
     0 | D:1      | Ivernyr the Ogre Wizard began the quest for the Orb.
     0 | D:1      | Reached XP level 1. HP: 16/16 MP: 5/5
    46 | D:1      | Reached skill level 1 in Conjurations
   447 | D:1      | Reached XP level 2. HP: 24/24 MP: 3/6
  1232 | D:1      | Reached XP level 3. HP: 31/31 MP: 1/8
  1304 | D:1      | Learned a level 2 spell: Blink
  1731 | D:1      | Reached skill level 1 in Fighting
  2156 | D:2      | Reached XP level 4. HP: 40/41 MP: 3/10
  2647 | D:2      | Found an opulent altar of Gozag.
  2831 | D:2      | Reached skill level 5 in Spellcasting
  3005 | D:2      | Noticed Natasha
  3019 | D:2      | Killed Natasha
  3019 | D:2      | Reached XP level 5. HP: 35/50 MP: 0/12
  3165 | D:2      | Noticed Natasha
  3173 | D:2      | Killed Natasha
  3337 | D:2      | Noticed Natasha
  3344 | D:2      | Killed Natasha
  3866 | D:3      | Noticed Terence
  3893 | D:3      | Killed Terence
  3893 | D:3      | Reached XP level 6. HP: 46/61 MP: 4/14
  4723 | D:4      | Learned a level 3 spell: Mephitic Cloud
  5171 | D:4      | Found a stormy altar of Qazlal.
  5172 | D:4      | Found a glowing golden altar of the Shining One.
  5242 | D:4      | Found a shattered altar of Ashenzari.
  5498 | D:4      | Reached XP level 7. HP: 63/68 MP: 9/16
  5848 | D:5      | Entered Level 5 of the Dungeon
  6109 | D:5      | Found a shimmering altar of Xom.
  6363 | D:5      | Found Awnim's Antique Armour Shop.
  6389 | D:5      | Noticed Eustachio
  6807 | D:5      | Killed Eustachio
  6807 | D:5      | Reached skill level 5 in Fighting
  6807 | D:5      | Reached skill level 5 in Conjurations
  6807 | D:5      | Reached XP level 8. HP: 45/80 MP: 4/18
  7014 | D:5      | Found a staircase to the Ecumenical Temple.
  7687 | D:5      | Found a glowing golden altar of the Shining One.
  7972 | D:6      | Found Ehanud's Weapon Boutique.
  8402 | D:6      | Reached skill level 1 in Armour
  8619 | Temple   | Entered the Ecumenical Temple
  8663 | Temple   | Became a worshipper of Sif Muna the Loreminder
  9040 | D:6      | Reached XP level 9. HP: 15/93 MP: 4/21
  9445 | D:7      | Got an ichor-stained cloak
  9451 | D:7      | Identified the +2 cloak of Joy {rC- Str+6 Int+4 SInv} (You found it on level 7 of the Dungeon)
  9518 | D:7      | Found an iron altar of Okawaru.
  9942 | D:7      | Found Beatyeh's Jewellery Boutique.
 10046 | D:7      | Noticed Dowan
 10047 | D:7      | Noticed Duvessa
 10070 | D:7      | Killed Dowan
 10378 | D:7      | Killed Duvessa
 10812 | D:8      | Found Hablout's Assorted Antiques.
 10939 | D:8      | Bought a smoking trident for 246 gold pieces
 10939 | D:8      | Identified the +3 trident "Realuecle" {protect, rC+ Str+2} (You bought it in a shop on level 8 of the Dungeon)
 11264 | D:8      | Reached * piety under Sif Muna
 11331 | D:8      | Reached skill level 10 in Spellcasting
 11458 | D:8      | Found a radiant altar of Vehumet.
 12002 | D:9      | Found a snail-covered altar of Cheibriados.
 12156 | D:9      | Found a glowing silver altar of Zin.
 12165 | D:9      | Noticed a death yak
 12172 | D:9      | Noticed a death yak
 12197 | D:9      | Reached XP level 10. HP: 107/107 MP: 18/24
 12366 | D:9      | Found a staircase to the Lair.
 12394 | Lair:1   | Entered Level 1 of the Lair of Beasts
 12394 | Lair:1   | Noticed Gastronok
 12407 | Lair:1   | Noticed a spiny frog
 12499 | D:9      | Learned a level 3 spell: Conjure Flame
 12886 | D:9      | Reached ** piety under Sif Muna
 13418 | D:9      | Found a white marble altar of Elyvilon.
 13461 | D:9      | Noticed a death yak
 13504 | D:9      | Killed a death yak
 13504 | D:9      | Reached skill level 10 in Fighting
 13646 | D:9      | Killed a death yak
 13653 | D:9      | Killed a death yak
 13653 | D:9      | Reached skill level 5 in Armour
 13887 | Lair:1   | Noticed Grum
 13997 | D:9      | Reached XP level 11. HP: 119/119 MP: 22/27
 14046 | D:9      | Noticed a two-headed ogre
 14073 | D:9      | Killed a two-headed ogre
 14704 | D:9      | Killed Grum
 14715 | D:9      | Reached *** piety under Sif Muna
 16061 | Lair:1   | Learned a level 4 spell: Iskenderun's Mystic Blast
 16436 | Lair:1   | Noticed a four-headed hydra
 16475 | Lair:2   | HP: 4/123 [spiny frog (7)]
 16480 | Lair:2   | HP: 4/184 [spiny frog (11)]
 16487 | Lair:2   | Gained mutation: Armour fits poorly on your strangely shaped body. [potion of mutation]
 16487 | Lair:2   | Gained mutation: You occasionally shout uncontrollably at your foes. [potion of mutation]
 16487 | Lair:2   | Gained mutation: You have supernaturally acute eyesight. (SInv) [potion of mutation]
 17539 | Lair:2   | Reached skill level 1 in Shields
 17697 | Lair:2   | Reached XP level 12. HP: 94/132 MP: 17/30
 18166 | Lair:2   | Found a staircase to the Snake Pit.
 18380 | Lair:2   | Found a staircase to the Swamp.
 19996 | Lair:3   | Reached **** piety under Sif Muna
 20831 | Lair:3   | Reached skill level 15 in Spellcasting
 22006 | Lair:4   | Noticed a six-headed hydra
 22339 | Lair:3   | Reached XP level 13. HP: 73/144 MP: 20/32
 23332 | Lair:4   | Learned a level 4 spell: Force Lance
 23976 | Lair:4   | Noticed an ice dragon
 24097 | Lair:4   | Killed an ice dragon
 24997 | Lair:5   | Reached skill level 5 in Shields
 26059 | Lair:5   | Found a staircase to the Slime Pits.
 26059 | Lair:5   | Found a viscous altar of Jiyva.
 27079 | Lair:6   | Entered Level 6 of the Lair of Beasts
 27970 | Lair:6   | Reached XP level 14. HP: 137/157 MP: 34/34
 28178 | Lair:6   | Reached ***** piety under Sif Muna
 30561 | Lair:5   | Identified Sif Muna's Incunabulum of Icy Stones (Sif Muna gifted it to you on level 5 of the Lair of Beasts)
 30561 | Lair:5   | Received a gift from Sif Muna
 30881 | Lair:5   | Reached skill level 15 in Fighting
 34623 | Lair:6   | Reached XP level 15. HP: 126/167 MP: 19/36
 36196 | Lair:1   | Killed Gastronok
 36426 | D:10     | Entered Level 10 of the Dungeon
 37431 | D:10     | Found a staircase to the Orcish Mines.
 37707 | D:11     | Gained mutation: You are resistant to hostile enchantments. (MR+) [mutagenic meat]
 37708 | D:11     | Gained mutation: Your magical capacity is low. (-10% MP) [mutagenic meat]
 37709 | D:11     | Gained mutation: Your spells are a little harder to cast, but a little more powerful. [mutagenic meat]
 37710 | D:11     | Gained mutation: Your mind is acute. (Int +2) [mutagenic meat]
 38854 | D:11     | Reached skill level 10 in Armour
 39927 | D:12     | Identified Sif Muna's Compendium of Attacks and Unholy Arts (Sif Muna gifted it to you on level 12 of the Dungeon)
 39927 | D:12     | Received a gift from Sif Muna
 41901 | D:8      | Bought a potion of mutation for 232 gold pieces
 41903 | D:8      | Lost mutation: Your spells are a little harder to cast, but a little more powerful. [potion of mutation]
 41903 | D:8      | Lost mutation: You have supernaturally acute eyesight. (SInv) [potion of mutation]
 41903 | D:8      | Lost mutation: Your magical capacity is low. (-10% MP) [potion of mutation]
 41903 | D:8      | Gained mutation: You are partially covered in yellow scales. (AC +2) [potion of mutation]
 41903 | D:8      | Lost mutation: Your mind is acute. (Int +2) [potion of mutation]
 41903 | D:8      | Gained mutation: You are frail. (-10% HP) [potion of mutation]
 41903 | D:8      | Gained mutation: You passively map a small area around you. [potion of mutation]
 42280 | D:13     | Found Yceat's Book Shop.
 43056 | D:12     | HP: 2/153 [deep elf knight/shard of ice (58)]
 43284 | D:11     | Lost mutation: You are frail. (-10% HP) [mutagenic meat]
 43729 | D:13     | Found a gate to the Vaults.
 44783 | D:14     | You fall through a shaft!
 44783 | D:15     | Entered Level 15 of the Dungeon
 45577 | D:14     | Found Weapadan's Magic Scroll Emporium.
 45715 | D:14     | Bought a scroll of identify for 34 gold pieces
 45715 | D:14     | Bought a scroll of teleportation for 51 gold pieces
 45933 | D:14     | Reached XP level 16. HP: 136/180 MP: 11/39
 46103 | D:14     | Reached skill level 1 in Invocations
 46180 | D:14     | Found a blossoming altar of Fedhas.
 46842 | D:15     | Found a deep blue altar of Sif Muna.
 47194 | D:15     | Found a hide-covered altar of Uskayaw.
 47549 | D:15     | Lost mutation: You occasionally shout uncontrollably at your foes. [potion of mutation]
 47549 | D:15     | Lost mutation: You are partially covered in yellow scales. (AC +2) [potion of mutation]
 47549 | D:15     | Lost mutation: Armour fits poorly on your strangely shaped body. [potion of mutation]
 47549 | D:15     | Lost mutation: You passively map a small area around you. [potion of mutation]
 47549 | D:15     | Lost mutation: You are resistant to hostile enchantments. (MR+) [potion of mutation]
 47549 | D:15     | Gained mutation: Your body sometimes deteriorates upon taking damage. [potion of mutation]
 47549 | D:15     | Gained mutation: You are resistant to hostile enchantments. (MR+) [potion of mutation]
 47549 | D:15     | Gained mutation: Your body often deteriorates upon taking damage. [potion of mutation]
 47549 | D:15     | Gained mutation: You are resistant to electric shocks. (rElec) [potion of mutation]
 48423 | D:15     | Found a staircase to the Depths.
 49779 | D:15     | Received a gift from Sif Muna
 49912 | Orc:1    | Entered Level 1 of the Orcish Mines
 50038 | Orc:1    | Found a flagged portal.
 50053 | Bailey   | Entered a bailey
 51045 | Orc:1    | Noticed Sludgepup's ghost (novice FeFi)
 51151 | Orc:1    | Killed Sludgepup's ghost
 51266 | Orc:1    | Found a roughly hewn altar of Beogh.
 52004 | Orc:2    | Entered Level 2 of the Orcish Mines
 54459 | Orc:2    | Found a staircase to the Elven Halls.
 55951 | Orc:2    | Found Aziukhopy's Antique Armour Boutique.
 55951 | Orc:2    | Found Iduunet's Antique Weapon Shop.
 56104 | Orc:2    | Found Onluev's General Store.
 56104 | Orc:2    | Found Tass's Jewellery Boutique.
 56131 | Orc:2    | Bought the ring of Nihilism {*Drain rF+++ rN++ Dex+3} for 876 gold pieces
 56151 | Orc:2    | Bought a brightly glowing dire flail for 252 gold pieces
 56240 | Orc:2    | Noticed Nessos
 56260 | Orc:2    | Killed Nessos
 57645 | Orc:2    | Identified Sif Muna's Catalogue of the Mutagenic Volcanoes (Sif Muna gifted it to you on level 2 of the Orcish Mines)
 57645 | Orc:2    | Received a gift from Sif Muna
 57706 | Orc:2    | Learned a level 5 spell: Irradiate
 57997 | Orc:2    | Reached XP level 17. HP: 157/192 MP: 41/41
 58510 | Orc:2    | Reached skill level 10 in Shields
 59824 | Swamp:1  | Entered Level 1 of the Swamp
 61535 | Swamp:1  | Learned a level 6 spell: Iron Shot
 63109 | Swamp:2  | Reached skill level 1 in Earth Magic
 63450 | Swamp:2  | Paralysed by a hornet for 3 turns
 66041 | Swamp:3  | Noticed Aizul
 66310 | Swamp:2  | Killed Aizul
 66665 | Swamp:3  | Received a gift from Sif Muna
 66855 | Swamp:3  | Learned a level 2 spell: Swiftness
 68203 | Swamp:3  | Learned a level 4 spell: Airstrike
 68409 | Snake:1  | Entered Level 1 of the Snake Pit
 69159 | Snake:1  | Found a white marble altar of Elyvilon.
 69477 | Snake:1  | Reached XP level 18. HP: 196/205 MP: 33/42
 71827 | Snake:2  | Identified a scroll of acquirement
 71829 | Snake:2  | Got a translucent golden amulet
 71832 | Snake:2  | Identified the amulet of Ziqeath {Harm *Drain Str-5 Int+7 Dex+3 SInv} (You acquired it on level 2 of the Snake Pit)
 72160 | Snake:3  | Reached skill level 10 in Conjurations
 72934 | Snake:3  | Reached skill level 5 in Earth Magic
 73242 | Snake:4  | Entered Level 4 of the Snake Pit
 74721 | Snake:4  | Noticed Jorgrun
 74727 | Snake:4  | Killed Jorgrun
 75402 | Snake:4  | Got a spiked cloak
 75413 | Snake:4  | Identified the +2 cloak of Too Many Cooks {Str+2} (You found it on level 4 of the Snake Pit)
 76812 | Snake:4  | Reached XP level 19. HP: 160/217 MP: 3/43
 78700 | Snake:4  | Identified Sif Muna's Almanac of Hurtful Transmigration (Sif Muna gifted it to you on level 4 of the Snake Pit)
 78700 | Snake:4  | Received a gift from Sif Muna
 81214 | Snake:4  | Got a serpentine rune of Zot
 82997 | Swamp:4  | Entered Level 4 of the Swamp
 83660 | Swamp:4  | Reached skill level 10 in Earth Magic
 84074 | Swamp:3  | Reached XP level 20. HP: 183/228 MP: 28/44
 85109 | Swamp:4  | Got a decaying rune of Zot
 85362 | Swamp:4  | Noticed Bai Suzhen
 85627 | Elf:1    | Entered Level 1 of the Elven Halls
 85757 | Orc:2    | Received a gift from Sif Muna
 85973 | Elf:1    | Noticed Timinator's ghost (journeyman SpEn)
 85977 | Elf:1    | Killed Timinator's ghost
 87989 | Elf:1    | Noticed a Brimstone Fiend
 88920 | Elf:1    | Learned a level 8 spell: Lehudib's Crystal Spear
 89063 | Elf:2    | Found a ruined gateway.
 89195 | Desolati | Entered the Desolation of Salt
 89221 | Elf:2    | Found Seby's Superlative Supplies.
 89891 | Elf:2    | Found a runed gate.
 89891 | Elf:2    | Found a runed gate.
 89891 | Elf:2    | Found a runed gate.
 90756 | Elf:2    | Identified Sif Muna's Incunabulum of Supportive Confrontation (Sif Muna gifted it to you on level 2 of the Elven Halls)
 90756 | Elf:2    | Received a gift from Sif Muna
 91141 | Elf:2    | Reached XP level 21. HP: 239/239 MP: 22/46
 92071 | Swamp:4  | Killed Bai Suzhen
 92571 | Vaults:1 | Entered Level 1 of the Vaults
 93024 | Vaults:1 | Found a flickering gateway to a bazaar.
 93030 | Bazaar   | Entered a bazaar
 93085 | Bazaar   | Found Qounkor's Jewellery Boutique.
 93115 | Bazaar   | Found Nuonaong's Weapon Shop.
 93146 | Bazaar   | Found Qysiux's Distillery.
 93146 | Bazaar   | Found Zipterr's Food Boutique.
 93161 | Bazaar   | Bought a bread ration for 35 gold pieces
 93161 | Bazaar   | Bought a bread ration for 35 gold pieces
 93161 | Bazaar   | Bought 4 fruits for 42 gold pieces
 93161 | Bazaar   | Bought a royal jelly for 14 gold pieces
 93161 | Bazaar   | Bought a meat ration for 35 gold pieces
 93161 | Bazaar   | Bought a meat ration for 35 gold pieces
 93161 | Bazaar   | Bought a meat ration for 35 gold pieces
 93161 | Bazaar   | Bought a royal jelly for 14 gold pieces
 93161 | Bazaar   | Bought a meat ration for 35 gold pieces
 93161 | Bazaar   | Bought 2 fruits for 21 gold pieces
 93204 | Bazaar   | Bought the ring of Adag {rElec rPois SInv} for 458 gold pieces
 97300 | Vaults:1 | Received a gift from Sif Muna
 97829 | Vaults:1 | Learned a level 2 spell: Passwall
 97834 | Vaults:1 | Learned a level 4 spell: Petrify
 97840 | Vaults:1 | Learned a level 5 spell: Lee's Rapid Deconstruction
 98900 | Vaults:1 | Reached XP level 22. HP: 139/253 MP: 29/48
101183 | Vaults:2 | Found Cutaum's Antique Weapon Shoppe.
101721 | Vaults:2 | Received a gift from Sif Muna
104222 | Vaults:3 | Reached skill level 15 in Earth Magic
104662 | Vaults:3 | Noticed MondaySad's ghost (adept MiBe)
104892 | Vaults:3 | Killed MondaySad's ghost
105147 | Vaults:3 | Found a shimmering altar of Xom.
105226 | Vaults:3 | Reached skill level 15 in Armour
106199 | Vaults:3 | Reached XP level 23. HP: 265/265 MP: 40/49
106857 | Vaults:3 | Found a staircase to the Crypt.
107999 | Vaults:4 | Identified Sif Muna's Volume of the Mountains and Moulding (Sif Muna gifted it to you on level 4 of the Vaults)
107999 | Vaults:4 | Received a gift from Sif Muna
111504 | Vaults:4 | Received a gift from Sif Muna
111614 | Vaults:4 | Identified Sif Muna's Tome of Destructive Moulding (Sif Muna gifted it to you on level 4 of the Vaults)
112252 | Vaults:4 | Learned a level 7 spell: Orb of Destruction
112281 | Vaults:5 | Entered Level 5 of the Vaults
113142 | Vaults:4 | Reached XP level 24. HP: 206/276 MP: 39/50
113688 | Vaults:5 | Reached ****** piety under Sif Muna
114455 | Vaults:4 | Reached skill level 5 in Invocations
114664 | Vaults:5 | Identified Sif Muna's Guide on Unholy Combat Magic (Sif Muna gifted it to you on level 5 of the Vaults)
114664 | Vaults:5 | Received a gift from Sif Muna
115350 | Vaults:4 | Learned a level 9 spell: Shatter
116117 | Vaults:5 | Got a scintillating marble ring
116235 | Vaults:5 | Noticed an ancient lich
116244 | Vaults:5 | Killed an ancient lich
116402 | Vaults:5 | Got a smoking glass ring
116425 | Vaults:5 | Got a silver rune of Zot
116597 | Vaults:5 | Identified the ring "Loittenk" {Wiz Str+6} (You took it off a deep elf demonologist on level 5 of the Vaults)
116598 | Vaults:5 | Identified the ring "Yjaymp Bena" {Str+3 Int+3} (You took it off a tengu reaver on level 5 of the Vaults)
116637 | Vaults:5 | Identified the Catalogue of the Unholy Glacier
116678 | Vaults:5 | Noticed tensugalgo's ghost (adept MfMo)
116721 | Vaults:5 | Noticed cada's ghost (master FoFi)
118127 | Vaults:4 | Identified Sif Muna's Tome of Cloudy Black Rites (Sif Muna gifted it to you on level 4 of the Vaults)
118127 | Vaults:4 | Received a gift from Sif Muna
118838 | Vaults:5 | Killed tensugalgo's ghost
119187 | Vaults:5 | Reached XP level 25. HP: 289/289 MP: 38/50
119658 | Vaults:5 | Identified the Catalogue of the Bewitching Snowflakes
119951 | Vaults:5 | Killed cada's ghost
123796 | Depths:1 | Entered Level 1 of the Depths
123807 | Depths:1 | Identified Sif Muna's Guide on Assistive Slavery (Sif Muna gifted it to you on level 1 of the Depths)
123807 | Depths:1 | Received a gift from Sif Muna
124462 | Depths:1 | Noticed stonage's ghost (adept DsFi)
124665 | Depths:1 | Killed stonage's ghost
124672 | Depths:1 | Reached skill level 10 in Invocations
124955 | Depths:1 | HP: 7/292 [deep troll shaman (14)]
124955 | Depths:1 | Slain by a deep troll

Skill      XL: |  1  2  3  4  5  6  7  8  9 10 11 12 13 14 15 16 17 18 19 20 21 22 23 24 25 |
---------------+----------------------------------------------------------------------------+-----
Conjurations   | 1 2 3 5 9 10 | 10.0
Spellcasting   | 4 5 6 7 8 10 12 14 15 16 17 19 20 21 22 23 24 | 24.2
Dodging        | 2 |  2.0
Fighting       | 1 2 3 5 7 9 10 12 13 14 15 16 17 18 19 20 21 22 23 24 | 24.6
Armour         | 1 3 5 6 7 8 9 10 11 12 13 14 15 | 15.4
Shields        | 1 4 6 7 9 10 | 10.3
Invocations    | 1 3 7 10 | 10.0
Earth Magic    | 3 7 10 12 13 15 16 17 18 | 18.8
Stealth        | |  1.4
Summonings     | |  0.8
Translocations | |  0.8

Action                   |  1- 3 |  4- 6 |  7- 9 | 10-12 | 13-15 | 16-18 | 19-21 | 22-24 | 25-27 || total
-------------------------+-------+-------+-------+-------+-------+-------+-------+-------+-------++-------
Melee: Unarmed           |    17 |       |       |       |       |       |       |       |       ||    17
       Whip              |    35 |    57 |    58 |       |       |       |       |       |       ||   150
       Trident           |       |       |    40 |   698 |  1751 |  1737 |   453 |   196 |    49 ||  4924
Throw: Large rock        |       |       |       |       |     4 |    37 |    66 |   138 |    27 ||   272
 Cast: Magic Dart        |    98 |   238 |   460 |   177 |     4 |    10 |       |       |       ||   987
       Mephitic Cloud    |       |       |    12 |    32 |    31 |     2 |       |       |       ||    77
       Conjure Flame     |       |       |       |    59 |   116 |    35 |     1 |       |       ||   211
       Iskenderun's Myst |       |       |       |    56 |   138 |   886 |   515 |   352 |    94 ||  2041
       Blink             |       |       |       |    32 |    34 |     5 |     6 |    14 |     1 ||    92
       Force Lance       |       |       |       |       |   133 |   296 |    60 |     3 |       ||   492
       Irradiate         |       |       |       |       |       |     2 |     1 |    23 |     6 ||    32
       Iron Shot         |       |       |       |       |       |     1 |   317 |   429 |   187 ||   934
       Airstrike         |       |       |       |       |       |       |     4 |       |     2 ||     6
       Swiftness         |       |       |       |       |       |       |     4 |     5 |     2 ||    11
       Lehudib's Crystal |       |       |       |       |       |       |       |     1 |     8 ||     9
Invok: Divine Energy     |       |       |       |       |     1 |     3 |     6 |     5 |       ||    15
       Stop Divine Energ |       |       |       |       |     1 |     3 |     6 |     4 |       ||    14
       Channel Magic     |       |       |       |       |       |       |     1 |       |     1 ||     2
       Forget Spell      |       |       |       |       |       |       |       |     3 |       ||     3
Evoke: Wand              |       |       |       |     9 |       |       |       |       |       ||     9
  Use: Scroll            |       |       |    12 |    10 |     9 |    19 |     5 |     7 |     3 ||    65
       Potion            |       |       |       |    12 |     1 |     2 |       |     3 |     1 ||    19
 Stab: Sleeping          |       |     1 |       |       |       |       |       |       |       ||     1
       Confused          |       |       |     4 |     3 |     6 |       |       |       |       ||    13
  Eat: Chunk             |     3 |    11 |    18 |    28 |    76 |    71 |    47 |    60 |    16 ||   330
       Fruit             |       |       |     3 |       |    10 |    24 |     1 |     2 |       ||    40
       Meat ration       |       |       |       |     1 |       |       |     4 |       |       ||     5
       Royal jelly       |       |       |       |       |       |     4 |     1 |       |     1 ||     6
Armor: Robe              |    28 |    55 |    23 |       |       |       |       |       |       ||   106
       Fire dragon scale |       |       |   144 |   419 |  1212 |   443 |       |       |       ||  2218
       Skin              |       |       |       |    35 |       |       |       |       |       ||    35
       Acid dragon scale |       |       |       |       |       |   655 |   472 |   432 |    92 ||  1651
Dodge: Dodged            |    55 |    84 |   112 |   275 |   626 |   743 |   347 |   320 |    87 ||  2649
Block: Shield            |       |       |       |       |       |  1291 |   679 |   595 |   147 ||  2712
